 Dungeon Crawl Stone Soup version 0.28-a0-1382-g92835e5c71 (webtiles) character file.

Game seed: 14421553741837918061

3142 Devinter the Fighter (level 9, -30/127 HPs)
             Began as a Pale Draconian Monk on Jan 1, 2022.
             Was a High Priest of Cheibriados.
             Annihilated by a titanic slime creature (46 damage)
             ... on level 7 of the Dungeon.
             The game lasted 00:36:08 (5181 turns).

Devinter the Fighter (Pale Draconian Monk)          Turns: 5181, Time: 00:36:09

Health: -30/127    AC: 24    Str: 27 (28) XL:     9   Next: 61%
Magic:  22/30      EV:  2    Int: 24 (27) God:    Cheibriados [*****.]
Gold:   443        SH:  0    Dex: 24 (26) Spells: 21/24 levels left

rFire   . . .      SeeInvis .   F - +4 short sword "Gaseur" {venom, MP+9}
rCold   . . .      Faith    +   (no shield)
rNeg    . . .      Spirit   .   (armour unavailable)
rPois   +          Reflect  .   (helmet currently unavailable)
rElec   .          Harm     .   (cloak currently unavailable)
rCorr   .          Rampage  .   (gloves currently unavailable)
Will    .....      NoTele   +   (boots currently unavailable)
Stlth   +++.......              e - amulet of faith
HPRegen 0.31/turn               (no ring)
MPRegen 0.22/turn               (no ring)

@: mighty, brilliant, tree-form, hasted, very slow
A: stationary, stasis, torment immunity, boosted hp, (breathe steam), AC +7,
unfitting armour, (cold-blooded), (steam resistance)
a: Renounce Religion, Bend Time, Temporal Distortion, Slouch, Step From Time


You were on level 7 of the Dungeon.
You worshipped Cheibriados.
Cheibriados was extremely pleased with you.
You were a tree.
You visited 2 branches of the dungeon, and saw 8 of its levels.
You also visited: Sewer.

You collected 443 gold pieces.

Inventory:

Hand Weapons
 a - a +0 falchion
 c - a +1 whip of electrocution
 s - a +2 dagger of venom
 y - a +0 rapier
 D - a +0 arbalest
 F - the +4 short sword "Gaseur" (weapon) {venom, MP+9}
   (You found it on level 4 of the Dungeon)

   It poisons the flesh of those it strikes.
   MP:        It affects your magic capacity (+9).
 L - a +2 whip of freezing
Missiles
 i - 14 bolts
 j - 3 javelins (quivered)
 k - 68 sling bullets
 q - 2 boomerangs of dispersal
 r - 2 silver boomerangs
 I - 16 arrows
Armour
 w - the +0 pair of gloves "Ympixext" (melded) {rElec}
   (You found it on level 4 of the Dungeon)

   rElec:     It insulates you from electricity.
 J - a +1 hat (melded)
Jewellery
 e - an amulet of faith (around neck)
 n - a ring of fire
 G - a ring of see invisible
 P - a ring of positive energy
 R - a +6 ring of strength
 S - an amulet of the acrobat
Wands
 u - a wand of paralysis (4)
 H - a wand of flame (10)
 K - a wand of digging (1)
 V - a wand of polymorph (5)
Scrolls
 d - a scroll of brand weapon {unknown}
 g - 5 scrolls of enchant armour {unknown}
 h - a scroll of magic mapping {unknown}
 o - 3 scrolls of identify {unknown}
 p - a scroll of holy word {unknown}
 t - 3 scrolls of vulnerability {unknown}
 v - 2 scrolls of acquirement {unknown}
 x - a scroll of fear {unknown}
 z - a scroll of enchant weapon {unknown}
 B - 3 scrolls of teleportation {unknown}
 E - 2 scrolls of fog {unknown}
 O - a scroll of summoning {unknown}
 Q - a scroll of noise {unknown}
 U - a scroll of amnesia {unknown}
Potions
 b - 2 potions of curing
 f - a potion of lignification
 m - a potion of brilliance
 A - 2 potions of degeneration
 C - a potion of haste
 M - a potion of berserk rage {unknown}
 W - a potion of mutation {unknown}


   Skills:
 - Level 10.0 Fighting
 - Level 3.0 Long Blades
 - Level 5.0 Dodging
 - Level 2.0 Stealth
 + Level 8.0 Spellcasting
 - Level 3.0 Summonings


You had 21 spell levels left.
You knew the following spells:

 Your Spells              Type           Power      Damage    Failure   Level
a - Call Canine Familiar  Summ           36%        N/A       5%          3

Your spell library contained the following spells:

 Spells                   Type           Power      Damage    Failure   Level
 Summon Small Mammal      Summ           100%       N/A       1%          1
 Summon Guardian Golem    Hex/Summ       25%        N/A       11%         3


Dungeon Overview and Level Annotations

Branches:
Dungeon (7/15)             Temple (1/1) D:6           Sewer (visited)

Altars:
Cheibriados
Kikubaaqudgha
Makhleb
Qazlal
Uskayaw
Wu Jian


Innate Abilities, Weirdness & Mutations

You are a tree.
Your roots penetrate the ground, keeping you stationary.
You cannot be teleported.
You are immune to unholy pain and torment.
Your maximum health is greatly increased.
Your equipment is partially melded.
((You can breathe blasts of scalding, opaque steam.))
((Your pale cyan-grey scales are hard. (AC +7)))
You cannot fit into any form of body armour.
((You are cold-blooded and may be slowed by cold attacks.))
((You are immune to the effects of steam.))


Message History

A slime creature comes into view.
The large slime creature closely misses you.
It was a potion of lignification.
You turn into a tree.
Your +1 hat melds into your body.
The +0 pair of gloves "Ympixext" {rElec} melds into your body.
Your roots penetrate the ground.
A slime creature comes into view.
Two slime creatures merge to form a very large slime creature.
It was a potion of brilliance.
You feel clever all of a sudden.
A slime creature comes into view.
It was a potion of degeneration.
There was something very wrong with that liquid.
You feel weakened.
You feel dopey.
You feel clumsy.
Two slime creatures merge to form a large slime creature.
It was a potion of might.
You feel very mighty all of a sudden.
You barely miss the very large slime creature.
The very large slime creature is moderately wounded.
The very large slime creature hits you but does no damage.
You puncture the very large slime creature!
The very large slime creature looks as sick as possible!
The very large slime creature is moderately wounded.
The very large slime creature hits you.
* * * LOW HITPOINT WARNING * * *
You puncture the very large slime creature!
The very large slime creature is heavily wounded.
You puncture the very large slime creature!
The very large slime creature is heavily wounded.
The very large slime creature hits you!!
* * * LOW HITPOINT WARNING * * *
Two slime creatures merge to form a titanic slime creature.
You hit the titanic slime creature.
The titanic slime creature is moderately wounded.
Okay, then.
The flow of time bends around you.
The titanic slime creature easily resists.
You fail to use your ability.
You fail to use your ability.
The titanic slime creature hits you!!!
You die...

#.###......
#......# #......#
... #......# ..
#......# ..
#.###### .# #.#
.#
#.########.#####.
#...†♣JJ)........
#########..#####
#..# ...# ##..#
#..# .... #..#
...#


You could see a titanic slime creature (very poisoned) and a slime creature.

Vanquished Creatures
  Pikel (D:6)
  A steam dragon (D:7)
  3 water moccasins
  2 sky beasts
  3 ice beasts
  A black bear (D:5)
  3 necrophages
  2 ogres (D:5)
  3 lemures (D:6)
  4 scorpions
  A water moccasin skeleton (D:3)
  3 wights (D:6)
  A howler monkey (D:6)
  2 centaur zombies
  5 hounds
  An orc priest (D:3)
  Jessica (D:3)
  3 iguanas
  A hell rat (Sewer)
  A killer bee zombie (D:6)
  A hound skeleton (D:5)
  7 adders
  A river rat (Sewer)
  A white imp (D:6)
  A worm (D:5)
  A dart slug (D:1)
  12 orcs
  4 ball pythons
  4 bats
  4 endoplasms
  4 giant cockroaches
  9 hobgoblins
  7 jackals
  A kobold (D:1)
  4 quokkas
  4 frilled lizards (D:1)
  2 goblins
  6 rats
115 creatures vanquished.

Vanquished Creatures (collateral kills)
  Eustachio (D:4)
  Menkaure (D:5)
  A bullfrog skeleton (D:5)
3 creatures vanquished.

Grand Total: 118 creatures vanquished

Notes
Turn   | Place    | Note
-------+----------+-------------------------------------------
     0 | D:1      | Devinter the Draconian Monk began the quest for the Orb.
     0 | D:1      | Reached XP level 1. HP: 19/19 MP: 1/1
   153 | D:1      | Reached skill level 2 in Stealth
   214 | D:1      | Reached XP level 2. HP: 26/26 MP: 2/2
   216 | D:1      | Found a faded altar of an unknown god.
   268 | D:1      | Prayed at the altar of an unknown god.
   268 | D:1      | Became a worshipper of Cheibriados the Contemplative
   268 | D:1      | Reached * piety under Cheibriados
   268 | D:1      | Reached ** piety under Cheibriados
   330 | D:1      | Reached *** piety under Cheibriados
   573 | D:1      | Reached skill level 3 in Dodging
   655 | D:2      | Reached skill level 1 in Spellcasting
   666 | D:2      | Reached XP level 3. HP: 31/33 MP: 4/4
   877 | D:3      | Noticed Jessica
   880 | D:3      | Reached skill level 4 in Fighting
   882 | D:3      | Killed Jessica
   883 | D:3      | Reached skill level 2 in Spellcasting
   883 | D:3      | Reached XP level 4. HP: 23/41 MP: 1/7
  1283 | D:3      | Reached **** piety under Cheibriados
  1328 | D:3      | Found an ancient bone altar of Kikubaaqudgha.
  1527 | D:3      | Reached skill level 5 in Fighting
  1527 | D:3      | Reached skill level 3 in Spellcasting
  1527 | D:3      | Reached XP level 5. HP: 36/48 MP: 7/9
  1531 | D:3      | Learned a level 3 spell: Call Canine Familiar
  1611 | D:3      | Paralysed by a hobgoblin for 2 turns
  2056 | D:4      | Noticed Eustachio
  2073 | D:4      | Reached ***** piety under Cheibriados
  2177 | D:4      | Identified the +0 pair of gloves "Ympixext" {rElec}
  2222 | D:4      | Reached skill level 1 in Summonings
  2358 | D:4      | Killed Eustachio
  2359 | D:4      | Reached skill level 4 in Dodging
  2359 | D:4      | Reached skill level 2 in Summonings
  2359 | D:4      | Reached XP level 6. HP: 53/56 MP: 6/10
  2384 | D:4      | Found a hide-covered altar of Uskayaw.
  2434 | D:4      | Reached skill level 3 in Summonings
  2584 | D:4      | Identified the +4 short sword "Gaseur" {venom, MP+9}
  2708 | D:5      | Entered Level 5 of the Dungeon
  2779 | D:5      | Your scales start taking on a pale cyan-grey colour.
  2779 | D:5      | Reached XP level 7. HP: 54/61 MP: 11/11
  2779 | D:5      | Gained mutation: You are immune to the effects of steam.
                  | [Pale Draconian growth]
  2836 | D:5      | Reached skill level 5 in Dodging
  2908 | D:5      | Reached skill level 4 in Spellcasting
  2908 | D:5      | Noticed Menkaure
  2916 | D:5      | Killed Menkaure
  2917 | D:5      | Reached skill level 5 in Spellcasting
  2951 | D:5      | Reached XP level 8. HP: 50/68 MP: 16/16
  2981 | D:5      | Reached skill level 6 in Spellcasting
  3280 | D:5      | Reached skill level 7 in Spellcasting
  3487 | D:5      | Found a burning altar of Makhleb.
  3846 | D:6      | Reached skill level 8 in Spellcasting
  3909 | D:6      | Noticed Pikel
  3918 | D:6      | Killed Pikel
  3919 | D:6      | Reached skill level 7 in Fighting
  3919 | D:6      | Reached XP level 9. HP: 79/79 MP: 21/21
  4044 | D:6      | Found a glowing drain.
  4052 | Sewer    | Entered a sewer
  4314 | D:6      | Found a staircase to the Ecumenical Temple.
  4316 | D:6      | Reached skill level 8 in Fighting
  4321 | Temple   | Entered the Ecumenical Temple
  4625 | D:6      | Reached skill level 9 in Fighting
  5145 | D:7      | Reached skill level 10 in Fighting
  5163 | D:7      | HP: 7/85 [large slime creature (20)]
  5181 | D:7      | Annihilated by a titanic slime creature

Illustrated notes

Levels and vault maps discovered:
D:1:      dpeg_arrival_court, layout_loops_ring,
          hellmonk_ecumenical_altar_lost_god, minmay_misc_feat_five,
          minmay_crystal_room
D:2:      layout_rooms
D:3:      layout_loops_ring, mainiacjoe_overflow_24_doors, uniq_jessica
D:4:      layout_cave_pools, nicolae_uskayaw_dance_hall, eino_tiny_chamber,
          uniq_eustachio
D:5:      cheibrodos_quashed, layout_basic, makhleb_blood_cavern_becter,
          kennysheep_generic_room_12, uniq_menkaure
D:6:      layout_loops_cross, temple_statues, gup_sewer_entry_pipe, uniq_pikel
D:7:      layout_basic, kennysheep_minor_cross
Temple:   nicolae_temple_hex_pool

Skill      XL: |  1  2  3  4  5  6  7  8  9 |
---------------+----------------------------+-----
Stealth        | 2 |  2.0
Dodging        | 3 4 5 |  5.0
Spellcasting   | 1 2 3 5 8 |  8.0
Fighting       | 4 5 7 10 | 10.0
Summonings     | 2 3 |  3.0
Long Blades    | |  3.0

Action                   |  1- 3 |  4- 6 |  7- 9 || total
-------------------------+-------+-------+-------++-------
Melee: Falchion          |     5 |       |       ||     5
       Whip              |    45 |   105 |       ||   150
       Tailslap          |     7 |    38 |    66 ||   111
       Short sword       |       |    11 |   203 ||   214
 Cast: Call Canine Famil |       |     1 |     5 ||     6
Invok: Bend Time         |     1 |       |     2 ||     3
       Slouch            |       |       |     1 ||     1
 Abil: Breathe Steam     |       |       |     1 ||     1
Evoke: Wand              |       |       |     2 ||     2
  Use: Potion            |       |       |     9 ||     9
 Stab: Sleeping          |     3 |     7 |    11 ||    21
Armor: Skin              |    11 |    26 |    56 ||    93
Dodge: Dodged            |    34 |    74 |   147 ||   255

Table legend: (Time is in decaauts)
 A = Elapsed time spent in this place.
 B = Non-inter-level travel time spent in this place.
 C = Inter-level travel time spent in this place.
 D = Time resting spent in this place.
 E = Time spent auto-exploring this place.
 F = Levels seen in this place.
 G = Mean time per level.
                   A        B        C        D        E       F      G
               +--------+--------+--------+--------+--------+-----+--------+
         Total |   7895 |   7554 |    341 |    858 |   2120 |   9 |  877.2 |
       Dungeon |   7759 |   7418 |    341 |    858 |   2120 |   7 | 1108.4 |
        Temple |      1 |      1 |      0 |      0 |      0 |   1 |    1.0 |
         Sewer |    134 |    134 |      0 |      0 |      0 |   1 |  134.0 |
               +--------+--------+--------+--------+--------+-----+--------+

Top non-repeatable levels by time:
     D:3: 1772 daAuts
     D:5: 1688 daAuts
     D:6: 1579 daAuts
     D:4: 958 daAuts
     D:1: 771 daAuts
     D:7: 562 daAuts
     D:2: 428 daAuts
   Sewer: 134 daAuts
  Temple: 1 daAuts
